 Dungeon Crawl Stone Soup version 0.20.1-1-g8b1a95d (webtiles) character file.

233 WiZmei the Poker (level 5, -1/48 HPs)
             Began as a Minotaur Berserker on Nov 28, 2017.
             Was a Believer of Trog.
             Slain by Grinder (8 damage)
             ... on level 3 of the Dungeon.
             The game lasted 00:16:26 (2467 turns).

WiZmei the Poker (Minotaur Berserker)               Turns: 2467, Time: 00:16:27

Health: -1/48      AC:  2    Str: 22    XL:     5   Next: 75%
Magic:  4/4        EV: 13    Int:  4    God:    Trog [**....]
Gold:   158        SH:  0    Dex: 10    Spells: 4/4 levels left

rFire    . . .     SeeInvis .   o - +2 quarterstaff (chaos)
rCold    . . .     Gourm    .   (shield currently unavailable)
rNeg     . . .     Faith    .   b - +0 animal skin
rPois    .         Spirit   .   (helmet restricted)
rElec    .         Reflect  .   (no cloak)
rCorr    .         Harm     .   (no gloves)
MR       .....                  (no boots)
Stlth    +.........             e - amulet of regeneration
Regen    0.6/turn               h - ring of wizardry
MPRegen  0.1/turn               (no ring)

@: no status effects
A: retaliatory headbutt, horns 2
a: Berserk, Trog's Hand, Burn Spellbooks, Renounce Religion


You were on level 3 of the Dungeon.
You worshipped Trog.
Trog was pleased with you.
You were not hungry.

You visited 1 branch of the dungeon, and saw 3 of its levels.

You collected 158 gold pieces.

Inventory:

Hand Weapons
 a - a +0 spear
 o - a +2 quarterstaff of chaos (weapon)
Missiles
 i - 8 poisoned needles
Armour
 b - a +0 animal skin (worn)
 f - a +0 large shield
 j - a +0 chain mail
 k - a cursed -1 robe
 p - a +1 cloak
 v - a cursed +0 robe
Jewellery
 e - an amulet of regeneration (around neck)
 h - a ring of wizardry (left hand)
 t - an uncursed amulet of harm {unknown}
Scrolls
 s - a scroll of teleportation
Potions
 d - 3 potions of invisibility {unknown}
 g - a potion of lignification {unknown}
 l - a potion of haste {unknown}
 m - a potion of brilliance {unknown}
 n - 2 potions of mutation {unknown}
 u - a potion of curing {unknown}
Comestibles
 c - a bread ration
 r - 3 royal jellies


   Skills:
 + Level 5.1 Fighting
 + Level 5.7 Polearms
 + Level 0.8(3.6) Staves
 + Level 2.7 Armour
 + Level 3.5 Dodging
 + Level 0.6 Stealth


You had 4 spell levels left.
You didn't know any spells.

Dungeon Overview and Level Annotations

Branches:
Dungeon (3/15)

Altars:
Gozag
The Shining One

Annotations:
D:3 Grinder


Innate Abilities, Weirdness & Mutations

You reflexively headbutt those who attack you in melee.
You have a pair of horns on your head.


Message History

Grinder blinks!
Grinder gestures at you. Pain shoots through your body!
Grinder gestures at you.
You suddenly lose the ability to move!
You can move again.
Grinder gestures at you. Pain shoots through your body!
* * * LOW HITPOINT WARNING * * *
Grinder gestures at you.
You suddenly lose the ability to move!
Grinder hits you.
* * * LOW HITPOINT WARNING * * *
You writhe in agony.
* * * LOW HITPOINT WARNING * * *
Grinder hits you but does no damage.
You can move again.
There is a stone staircase leading up here.
Grinder hits you!
You die...

# #....# #.# # ####. #.... ..# #
.5#.##... #.# # #.#...#.# #.# #
.##.###.###.#.############.#####
....................[...........
.##..##.###.#...##########.#####
# #.# #..r5g.........#.# # #.#
#...#@########.#.##### #.#
#...########........##
....#....................#
..........................
....#..#..................
#...#..#.#######.)......#. #..
#..#.# #......##.# #.. ...#.#
#.....##.⌠. #.##.# #....####.#


You could see Grinder, a hobgoblin and a rat.

Vanquished Creatures
  A centaur skeleton (D:3)
  Crazy Yiuf (D:3)
  A worker ant (D:3)
  3 gnolls (D:3)
  6 adders
  2 worms
  A dart slug (D:1)
  A leopard gecko (D:1)
  8 bats
  4 giant cockroaches (D:1)
  5 goblins
  2 hobgoblins
  6 jackals
  11 kobolds
  4 frilled lizards
  5 rats
61 creatures vanquished.

Notes
Turn   | Place    | Note
-------+----------+-------------------------------------------
     0 | D:1      | WiZmei the Minotaur Berserker began the quest for the Orb.
     0 | D:1      | Reached XP level 1. HP: 19/19 MP: 0/0
   190 | D:1      | Reached XP level 2. HP: 16/27 MP: 1/1
   801 | D:1      | Reached XP level 3. HP: 32/33 MP: 2/2
   908 | D:2      | Found a glowing golden altar of the Shining One.
  1176 | D:2      | Found an opulent altar of Gozag.
  1188 | D:2      | Reached ** piety under Trog
  1376 | D:2      | Reached XP level 4. HP: 41/41 MP: 3/3
  1636 | D:2      | Reached skill level 5 in Polearms
  1998 | D:3      | Reached XP level 5. HP: 10/47 MP: 4/4
  2178 | D:3      | Reached skill level 5 in Fighting
  2229 | D:3      | Found a runed door.
  2233 | D:3      | Noticed Crazy Yiuf
  2237 | D:3      | Killed Crazy Yiuf
  2444 | D:3      | Noticed Grinder
  2458 | D:3      | Paralysed by Grinder for 3 turns
  2463 | D:3      | Paralysed by Grinder for 4 turns
  2467 | D:3      | Slain by Grinder

Skill      XL: |  1  2  3  4  5 |
---------------+----------------+-----
Fighting       | 4 5 |  5.1
Polearms       | 4 5 |  5.7
Dodging        | 3 |  3.5
Staves         | |  0.8
Armour         | |  2.7
Stealth        | |  0.6

Action                   |  1- 3 |  4- 6 || total
-------------------------+-------+-------++-------
Melee: Spear             |    80 |    40 ||   120
       Headbutt          |    10 |     9 ||    19
       Quarterstaff      |       |    15 ||    15
Invok: Berserk           |     1 |       ||     1
       Trog's Hand       |     1 |       ||     1
  Use: Scroll            |     4 |     2 ||     6
  Eat: Bread ration      |     1 |     1 ||     2
Armor: Animal skin       |    26 |     4 ||    30
Dodge: Dodged            |    90 |    34 ||   124
